 Dungeon Crawl Stone Soup version 0.21-a0-229-g3587535 (webtiles) character file.

247 Spazmo the Conjurer (level 5, -3/28 HPs)
             Began as a Deep Elf Conjurer on Aug 31, 2017.
             Slain by a sky beast (5 damage)
             ... on level 4 of the Dungeon on Sept 1, 2017.
             The game lasted 00:09:37 (2386 turns).

Spazmo the Conjurer (Deep Elf Conjurer)             Turns: 2386, Time: 00:09:37

Health: -3/28      AC:  3    Str:  5    XL:     5   Next: 85%
Magic:  6/15       EV: 13    Int: 21    God:
Gold:   180        SH:  5    Dex: 15    Spells: 4/15 levels left

rFire    . . .     SeeInvis .   k - +3 dagger (vamp)
rCold    . . .     Gourm    .   i - +1 buckler
rNeg     . . .     Faith    .   a - +0 robe
rPois    .         Spirit   .   (no helmet)
rElec    .         Reflect  .   (no cloak)
rCorr    .         Harm     .   (no gloves)
MR       .....     Rnd*Tele +   n - +0 pair of boots
Stlth    ++........             c - amulet of rage
HPRegen  0.09/turn              d - ring of teleportation (curse)
MPRegen  0.14/turn              (no ring)

@: no status effects
A: no striking features
a: Evoke Berserk Rage


You were on level 4 of the Dungeon.
You were not hungry.

You visited 1 branch of the dungeon, and saw 4 of its levels.

You collected 180 gold pieces.

Inventory:

Hand Weapons
 k - a +3 vampiric dagger (weapon)
Missiles
 g - 65 stones (quivered)
Armour
 a - a +0 robe (worn)
 i - a +1 buckler (worn)
 n - a +0 pair of boots (worn)
Jewellery
 c - an amulet of rage (around neck)
 d - a cursed ring of teleportation (left hand)
Scrolls
 e - 2 scrolls of identify
 h - a scroll of enchant armour
 j - a scroll of teleportation
Potions
 f - a potion of curing
 m - a potion of berserk rage {unknown}
 p - a potion of flight {unknown}
 q - a potion of might
 r - a potion of degeneration {unknown}
Books
 b - a book of Conjurations

   Spells                             Type                      Level
   a - Magic Dart                     Conjuration                  1
   b - Searing Ray                    Conjuration                  2
   c - Dazzling Spray                 Conjuration/Hexes            3
   d - Fulminant Prism                Conjuration/Hexes            4
   e - Force Lance                    Conjuration/Translocation    4
   f - Iskenderun's Mystic Blast      Conjuration                  4
Comestibles
 l - 4 chunks of flesh
 o - 2 royal jellies
 s - a bread ration


   Skills:
 - Level 3.0 Dodging
 - Level 3.1 Stealth
 + Level 1.2 Shields
 * Level 5.6 Spellcasting
 * Level 5.9 Conjurations


You had 4 spell levels left.
You knew the following spells:

 Your Spells              Type           Power        Failure   Level  Hunger
a - Magic Dart            Conj           ####         1%          1    None
b - Searing Ray           Conj           ####..       1%          2    None
c - Force Lance           Conj/Tloc      ###.....     38%         4    ####...
d - Iskenderun's Mystic   Conj           ####....     12%         4    ####...


Dungeon Overview and Level Annotations

Branches:
Dungeon (4/15)
 Temple: D:4-7

Altars:
Hepliaklqana
Xom


Message History

Confirm with . or Enter, or press ? or * to list all spells.
You can't see any susceptible monsters within range! (Use Z to cast anyway.) Unknown command.
Casting: Searing Ray
Confirm with . or Enter, or press ? or * to list all spells.
Aiming: Searing Ray
Press: ? - help, Shift-Dir - straight line (Press . to maintain the ray.)
Something hits you. Something shocks you.
The searing ray hits something.
Something hits you but does no damage.
A sky beast appears from thin air!
Reactivating autopickup.
The sky beast hits you. The sky beast shocks you.
* * * LOW HITPOINT WARNING * * *
The searing ray hits the sky beast.
The sky beast is almost dead.
You finish channeling your searing ray.
The sky beast hits you.
* * * LOW HITPOINT WARNING * * *
The sky beast shocks you.
You die...

## .### ...
############# ..#
..)......##.# ..###
#..##..##.# ....###
#).....##.###...<$..
....#.>..##.##@Y..$#
.# #.##.......#...#
##.###....### ..#
##......#....# .#
####...#####.##.# .#
##...>.## #....###. #
...#..#########.....#
##.......(...##.###.#
##..#######....###.##


You could see a sky beast.

Vanquished Creatures
  A crimson imp (D:3)
  An orc priest (D:3)
  An orc wizard (D:3)
  3 gnolls (D:3)
  4 adders
  An adder zombie (D:3)
  4 worms
  A dart slug (D:2)
  3 leopard geckos
  6 orcs
  6 giant cockroaches
  7 goblins
  3 hobgoblins
  A quokka (D:2)
  4 ball pythons
  6 bats
  2 frilled lizards
  7 kobolds
  8 rats
69 creatures vanquished.

Notes
Turn   | Place    | Note
-------+----------+-------------------------------------------
     0 | D:1      | Spazmo the Deep Elf Conjurer began the quest for the Orb.
     0 | D:1      | Reached XP level 1. HP: 10/10 MP: 6/6
   246 | D:1      | Reached XP level 2. HP: 15/15 MP: 6/8
   251 | D:1      | Learned a level 2 spell: Searing Ray
   353 | D:1      | Upgraded the game from 0.21-a0-228-g14ccbf3 to 0.21-a0-229-g3587535
   629 | D:2      | Found a shimmering altar of Xom.
   643 | D:2      | Reached XP level 3. HP: 19/19 MP: 6/10
   713 | D:2      | Found a hazy altar of Hepliaklqana.
  1105 | D:2      | Reached skill level 5 in Conjurations
  1130 | D:2      | Reached XP level 4. HP: 24/24 MP: 7/12
  1136 | D:2      | Learned a level 4 spell: Force Lance
  1141 | D:2      | Learned a level 4 spell: Iskenderun's Mystic Blast
  1427 | D:3      | Reached XP level 5. HP: 18/28 MP: 0/14
  1576 | D:3      | Reached skill level 5 in Spellcasting
  1594 | D:3      | Reached skill level 1 in Shields
  2378 | D:4      | Noticed a sky beast
  2386 | D:4      | Slain by a sky beast

Vault maps used:
D:1:      lemuel_arrival_hallway, minmay_statues_item
D:2:      kennysheep_six_static_rooms, old_standard_altar, xom_teletrap_fun
D:4:      lemuel_coloured_pillars_altar, first_bread, gup_sewer_entry_pipe,
          minivault_25, uniq_natasha, uniq_robin

Skill      XL: |  1  2  3  4  5 |
---------------+----------------+-----
Dodging        | 3 |  3.0
Stealth        | 3 |  3.1
Spellcasting   | 4 5 |  5.6
Conjurations   | 5 |  5.9
Shields        | 1 |  1.2

Action                   |  1- 3 |  4- 6 || total
-------------------------+-------+-------++-------
Melee: Whip              |     2 |       ||     2
       Dagger            |       |    11 ||    11
 Cast: Magic Dart        |    72 |    64 ||   136
       Searing Ray       |     1 |     5 ||     6
       Force Lance       |       |     1 ||     1
  Use: Scroll            |     4 |     4 ||     8
       Potion            |       |     1 ||     1
 Stab: Sleeping          |     1 |     1 ||     2
  Eat: Chunk             |       |     5 ||     5
       Bread ration      |       |     1 ||     1
Armor: Robe              |     7 |     3 ||    10
Dodge: Dodged            |     7 |    10 ||    17
Block: Buckler           |       |     2 ||     2

Table legend:
 A = Spawn XP
 B = Non-spawn XP
 C = Spawn XP percentage of total XP
 D = Spawn monster count
 E = Non-spawn monster count
 F = Spawn count percentage of total count
 G = Total turns spent on level
                    A         B        C        D         E        F      G
               +---------+---------+-------+---------+---------+-------+---------
         Total |     109 |     245 |  30.8 |      10 |      59 |  14.5 |  2386
               +---------+---------+-------+---------+---------+-------+---------
           D:1 |       0 |      18 |   0.0 |       0 |      12 |   0.0 |   453
           D:2 |       5 |      80 |   5.9 |       1 |      23 |   4.2 |   727
           D:3 |     104 |     142 |  42.3 |       9 |      22 |  29.0 |  1141
           D:4 |       0 |       5 |   0.0 |       0 |       2 |   0.0 |    65
               +---------+---------+-------+---------+---------+-------+---------
